 Dungeon Crawl Stone Soup version 0.27-a0-46-g34d46f0a3f (webtiles) character file.

Game seed: 7313299039987627615

1415 Borgoz the Skirmisher (level 9, 0/61 HPs)
             Began as a Halfling Fighter on Jan 7, 2021.
             Was a Follower of Okawaru.
             Slain by a sky beast (5 damage)
             ... on level 6 of the Dungeon.
             The game lasted 00:12:04 (6858 turns).

Borgoz the Skirmisher (Halfling Fighter)            Turns: 6858, Time: 00:12:05

Health: 0/61       AC: 11    Str: 18    XL:     9   Next: 2%
Magic:  9/9        EV: 13    Int:  6    God:    Okawaru [*.....]
Gold:   347        SH: 10    Dex: 16    Spells: 6/8 levels left

rFire    . . .     SeeInvis .   a - +0 long sword
rCold    . . .     Faith    .   c - +0 kite shield
rNeg     . . .     Spirit   .   p - +0 ring mail (curse)
rPois    .         Reflect  .   (no helmet)
rElec    .         Harm     .   o - +2 cloak
rCorr    +         Rampage  .   q - +0 pair of gloves (curse)
Will     .....                  C - +0 pair of boots
Stlth    ++........             (no amulet)
HPRegen  0.20/turn              x - ring of resist corrosion
MPRegen  0.11/turn              (no ring)

@: no status effects
A: small, mutation resistance 1
a: Renounce Religion, Heroism


You were on level 6 of the Dungeon.
You worshipped Okawaru.
Okawaru was aware of your devotion.
You visited 1 branch of the dungeon, and saw 6 of its levels.
You also visited: Sewer and Ossuary.

You collected 627 gold pieces.
You spent 280 gold pieces at shops.

Inventory:

Hand Weapons
 a - a +0 long sword (weapon)
 b - a +2 dagger of speed
Armour
 c - a +0 kite shield (worn)
 o - a +2 cloak (worn)
 p - a cursed +0 ring mail (worn)
 q - a cursed +0 pair of gloves (worn)
 C - a +0 pair of boots (worn)
Jewellery
 x - a ring of resist corrosion (left hand)
Wands
 r - a wand of enslavement (11)
Scrolls
 f - 6 scrolls of remove curse
 g - a scroll of enchant weapon
 i - 6 scrolls of amnesia
 n - 10 scrolls of teleportation
 s - 5 scrolls of magic mapping
 t - a scroll of blinking
 u - a scroll of fog {unknown}
 w - 2 scrolls of summoning {unknown}
 y - 2 scrolls of noise {unknown}
Potions
 d - a potion of flight {unknown}
 e - a potion of mutation
 h - 2 potions of heal wounds
 j - 2 potions of brilliance
 l - a potion of degeneration {unknown}
 m - a potion of magic
 v - a potion of experience {unknown}
 z - a potion of haste
 B - a potion of cancellation {unknown}


   Skills:
 * Level 5.5 Fighting
 * Level 5.5 Long Blades
 + Level 5.1 Armour
 + Level 3.5 Dodging
 + Level 4.0 Stealth
 + Level 5.1 Shields
 + Level 0.1 Spellcasting
 + Level 0.5 Translocations


You had 6 spell levels left.
You knew the following spells:

 Your Spells              Type           Power        Failure   Level
a - Blink                 Tloc           N/A          99%         2

Your spell library contained the following spells:

 Spells                   Type           Power        Failure   Level
 Magic Dart               Conj           0%           98%         1
 Call Imp                 Summ           0%           99%         2
 Slow                     Hex            0%           99%         2
 Confusing Touch          Hex            0%           100%        3
 Conjure Flame            Conj/Fire      0%           100%        3
 Gell's Gravitas          Tloc           0%           100%        3
 Mephitic Cloud           Conj/Pois/Air  0%           100%        3
 Petrify                  Tmut/Erth      0%           100%        4
 Metabolic Englaciation   Hex/Ice        0%           100%        5
 Yara's Violent Unravell  Hex/Tmut       0%           100%        5


Dungeon Overview and Level Annotations

Branches:
Dungeon (6/15)              Sewer (visited)         Ossuary (visited)
 Temple: D:4-7

Altars:
Cheibriados
Okawaru
Sif Muna
Trog
Vehumet

Shops:
D:5 :   D:6 [!*


Innate Abilities, Weirdness & Mutations

You are small and have problems with some larger weapons.
You are somewhat resistant to further mutation.


Message History

The orc priest is almost dead.
You block the orc priest's attack. Something hits you but does no damage.
The orc priest looks braver for a moment.
You barely miss the orc priest.
The orc priest is almost dead.
You block something's attack.
The orc priest mumbles some strange prayers to Beogh against you.
Pain shoots through your body!
* * * LOW HITPOINT WARNING * * *
Something hits you.
* * * LOW HITPOINT WARNING * * *
Something shocks you.
* * * LOW HITPOINT WARNING * * *
You hit the orc priest.
You kill the orc priest!
Okawaru accepts your kill. Something hits you.
* * * LOW HITPOINT WARNING * * *
Something shocks you.
You die...

.... .... ..... .....
#### ......
#..##...........#
#####..[{..........)#
#......@)....#......##
#.....########.......#
#....## ##.......###
##..########...........
##..####....##........#
##..###..........<....#
#..###.............#.....
#....#............## .#.
##.................#


There were no monsters in sight!

Vanquished Creatures
  An ice beast (D:5)
  A sky beast (D:5)
  An ogre (D:4)
  2 bullfrogs (Sewer)
  3 scorpions
  A howler monkey (D:5)
  A bullfrog zombie (D:6)
  2 hounds
  A bullfrog skeleton (D:5)
  4 orc priests
  5 orc wizards
  An iguana (D:4)
  A worker ant (D:4)
  8 mummies (Ossuary)
  8 river rats (Sewer)
  9 adders
  A shadow imp (D:5)
  2 white imps (D:5)
  3 oozes
  An adder zombie (D:5)
  7 worms
  A dart slug (D:1)
  3 leopard geckos
  14 orcs
  6 giant cockroaches
  8 goblins
  6 hobgoblins
  7 kobolds
  12 ball pythons
  5 bats
  5 frilled lizards
  A gnoll zombie (Ossuary)
  4 hobgoblin zombies (Ossuary)
  A kobold zombie (Ossuary)
  2 orc zombies (Ossuary)
  27 rats
165 creatures vanquished.

Notes
Turn   | Place    | Note
-------+----------+-------------------------------------------
     0 | D:1      | Borgoz the Halfling Fighter began the quest for the Orb.
     0 | D:1      | Reached XP level 1. HP: 15/15 MP: 1/1
    82 | D:1      | Reached XP level 2. HP: 9/20 MP: 2/2
   619 | D:1      | Reached XP level 3. HP: 26/26 MP: 3/3
   945 | D:2      | Found a radiant altar of Vehumet.
   959 | D:2      | Noticed a moth of wrath
  1162 | D:2      | Found a faded altar of an unknown god.
  1416 | D:2      | Reached skill level 1 in Stealth
  1588 | D:2      | Reached XP level 4. HP: 31/31 MP: 4/4
  1833 | D:2      | Found a bloodstained altar of Trog.
  2120 | D:3      | Reached skill level 1 in Dodging
  2660 | D:4      | Reached XP level 5. HP: 27/36 MP: 5/5
  2726 | D:4      | Found a glowing drain.
  2730 | Sewer    | Entered a sewer
  3333 | Sewer    | Reached XP level 6. HP: 42/43 MP: 6/6
  3978 | Sewer    | Reached XP level 7. HP: 24/48 MP: 7/7
  4394 | D:4      | Found a snail-covered altar of Cheibriados.
  4992 | D:4      | Reached XP level 8. HP: 48/54 MP: 8/8
  5375 | D:5      | Entered Level 5 of the Dungeon
  5453 | D:5      | Reached skill level 5 in Fighting
  5461 | D:5      | HP: 2/55 [something (5)]
  5478 | D:5      | Reached skill level 5 in Long Blades
  5519 | D:5      | Found a sand-covered staircase.
  5526 | Ossuary  | Entered an ossuary
  6030 | D:5      | Found an iron altar of Okawaru.
  6037 | D:5      | Became a worshipper of Warmaster Okawaru
  6163 | D:5      | Reached skill level 5 in Armour
  6321 | D:5      | Found a shimmering blue altar of Sif Muna.
  6329 | D:5      | Reached skill level 5 in Shields
  6490 | D:5      | Found Epsaj's Book Shop.
  6498 | D:5      | Bought a book of Misfortune for 280 gold pieces
  6501 | D:5      | Learned a level 2 spell: Blink
  6665 | D:6      | Found Roaralir's Distillery.
  6677 | D:6      | Found Petarr's General Store.
  6817 | D:6      | Found Imusip's Antique Armour Shoppe.
  6852 | D:6      | Reached * piety under Okawaru
  6853 | D:6      | Reached XP level 9. HP: 24/61 MP: 9/9
  6858 | D:6      | Slain by a sky beast

Illustrated notes

Levels and vault maps discovered:
D:1:      dpeg_arrival_connections, layout_loops_ring
D:2:      layout_loops_ring, vehumet_crystals,
          chequers_ecumenical_altar_simple_redux, hangedman_decor_peaks_small,
          tgw_trog
D:3:      layout_loops_cross, hangedman_abyss_or_decor_lesser_grid
D:4:      layout_basic, gup_sewer_entry_bowl, cheibriados_altar_1
D:5:      layout_rooms, led_sif_book, nicolae_ossuary_entry_monument,
          serial_shops, shop, st_stairs_13, okawaru_ov_weapons_minmay
D:6:      layout_cave_pools, overflow_temple_1_default,
          riverfiend_overflow_shadow_ancestor, minmay_temple_entry_grid,
          serial_shops, kennysheep_mini, nicolae_shop_behind_doors, shop,
          nicolae_shop_temple_entry_statues_fountains, shop

Skill      XL: |  1  2  3  4  5  6  7  8 |
---------------+-------------------------+-----
Fighting       | 3 4 5 |  5.5
Stealth        | 1 2 3 4 |  4.0
Dodging        | 1 2 3 |  3.5
Long Blades    | 3 4 5 |  5.5
Armour         | 4 5 |  5.1
Shields        | 4 5 |  5.1
Spellcasting   | |  0.1
Translocations | |  0.5

Action                   |  1- 3 |  4- 6 |  7- 9 || total
-------------------------+-------+-------+-------++-------
Melee: Long sword        |   114 |   229 |   254 ||   597
Evoke: Wand              |       |       |     9 ||     9
  Use: Scroll            |     4 |     6 |     3 ||    13
       Potion            |       |     5 |     8 ||    13
Armor: Scale mail        |    65 |   101 |   101 ||   267
       Ring mail         |       |       |    24 ||    24
Dodge: Dodged            |    45 |   168 |   110 ||   323
Block: Kite shield       |    69 |   170 |   156 ||   395
       Rpst.: Long sword |    13 |    46 |    42 ||   101

Table legend: (Time is in decaauts)
 A = Elapsed time spent in this place.
 B = Non-inter-level travel time spent in this place.
 C = Inter-level travel time spent in this place.
 D = Time resting spent in this place.
 E = Time spent auto-exploring this place.
 F = Levels seen in this place.
 G = Mean time per level.
                   A        B        C        D        E       F      G
               +--------+--------+--------+--------+--------+-----+--------+
         Total |   7099 |   7002 |     97 |   2044 |   3409 |   8 |  887.4 |
       Dungeon |   4967 |   4870 |     97 |    909 |   2924 |   6 |  827.8 |
         Sewer |   1630 |   1630 |      0 |    876 |    386 |   1 | 1630.0 |
       Ossuary |    502 |    502 |      0 |    259 |     99 |   1 |  502.0 |
               +--------+--------+--------+--------+--------+-----+--------+

Top non-repeatable levels by time:
   Sewer: 1630 daAuts
     D:4: 1261 daAuts
     D:2: 1121 daAuts
     D:1: 963 daAuts
     D:5: 808 daAuts
     D:3: 613 daAuts
 Ossuary: 502 daAuts
     D:6: 198 daAuts
